General information
- name: BNet
- type: Ladder team game (AT/RT)
- host: Battle.net
- saver: iNT]DOGANDHORSE
map: FullScaleAssault
- players: 8
- length: 39:29
- speed: Fast
- version: 1.26 W3XP
- replay type:

» download(386 KB)
Players
team 1 (loser)
gangiskan (
pink | 29 APM | 1137 actions | 39:22)
3 Death Knight
2 Death Coil
1 Unholy Aura
» actions
| Assign group hotkey | 24 | |
| Basic commands | 31 | |
| Build / train | 96 | |
| ESC pressed | 3 | |
| Enter build submenu | 25 | |
| Enter hero's abilities submenu | 3 | |
| Remove unit from queue | 1 | |
| Right click | 412 | |
| Select / deselect | 435 | |
| Select group hotkey | 22 | |
| Use ability | 85 | |
1137 total
» units
| Acolyte | 7 | |
| Ghoul | 15 | |
| Frost Wyrm | 12 | |
| Meatwagon | 6 | |
| Necromancer | 16 | |
| Goblin Zeppelin | 8 | |
64 total
» upgrades
| Creature Attack | 3 | |
| Creature Carapace | 2 | |
| Freezing Breath | 1 | |
| Necromancer Training | 2 | |
| Skeletal Mastery | 1 | |
| Exhume Corpses | 1 | |
| Skeletal Longevity | 1 | |
| Unholy Strength | 1 | |
| Unholy Armor | 1 | |
13 total
» buildings
| Ziggurat | 9 | |
| Altar of Darkness | 1 | |
| Crypt | 1 | |
| Graveyard | 1 | |
| Tomb of Relics | 1 | |
| Halls of the Dead | 2 | |
| Nerubian Tower | 3 | |
| Black Citadel | 2 | |
| Spirit Tower | 4 | |
| Sacrificial Pit | 1 | |
| Boneyard | 4 | |
| Temple of the Damned | 2 | |
| Slaughterhouse | 2 | |
33 total
» build order
00:19 Ziggurat
00:42 Altar of Darkness
00:53 Crypt
01:24 Graveyard
01:31 Ziggurat
02:30 Tomb of Relics
03:16 Halls of the Dead
03:17 Halls of the Dead
03:46 Nerubian Tower
04:59 Ziggurat
06:31 Ziggurat
07:17 Black Citadel
07:17 Black Citadel
07:22 Ziggurat
07:26 Ziggurat
07:46 Ziggurat
07:59 Spirit Tower
08:02 Nerubian Tower
08:29 Spirit Tower
08:31 Nerubian Tower
08:33 Ziggurat
08:37 Ziggurat
08:40 Spirit Tower
09:41 Sacrificial Pit
10:29 Boneyard
10:32 Boneyard
10:36 Boneyard
10:43 Boneyard
21:57 Temple of the Damned
22:00 Temple of the Damned
22:07 Slaughterhouse
22:19 Slaughterhouse
27:25 Spirit Tower
» items
| Rod of Necromancy | 1 | |
| Potion of Lesser Invulnerability | 1 | |
| Boots of Speed | 1 | |
3 total

»
iramaba (
teal | 59 APM | 2294 actions | 39:10)
4 Blademaster
2 Wind Walk
2 Critical Strike
3 Shadow Hunter
2 Healing Wave
1 Hex
3 Tauren Chieftain
1 War Stomp
2 Endurance Aura
» actions
| Build / train | 97 | |
| Enter build submenu | 17 | |
| Enter hero's abilities submenu | 10 | |
| Give item / drop item | 1 | |
| Right click | 1226 | |
| Select / deselect | 758 | |
| Use ability | 184 | |
2294 total
» units
| Peon | 18 | |
| Tauren | 24 | |
| Shaman | 9 | |
| Troll Witch Doctor | 11 | |
62 total
» upgrades
| Shaman Training | 2 | |
| Witch Doctor Training | 2 | |
| Pulverize | 1 | |
| Melee Weapons | 2 | |
| Armor | 2 | |
9 total
» buildings
| Orc Burrow | 8 | |
| Altar of Storms | 1 | |
| Voodoo Lounge | 1 | |
| Stronghold | 1 | |
| War Mill | 1 | |
| Fortress | 1 | |
| Great Hall | 2 | |
| Spirit Lodge | 2 | |
| Tauren Totem | 2 | |
19 total
» build order
00:07 Orc Burrow
00:15 Altar of Storms
01:38 Voodoo Lounge
02:40 Stronghold
02:44 Orc Burrow
02:47 War Mill
02:50 Orc Burrow
04:24 Orc Burrow
05:01 Fortress
05:47 Great Hall
06:08 Spirit Lodge
06:19 Spirit Lodge
06:54 Orc Burrow
07:35 Tauren Totem
07:37 Tauren Totem
12:00 Orc Burrow
12:03 Orc Burrow
12:06 Orc Burrow
27:39 Great Hall
» items
| Healing Salve | 2 | |
| Lesser Clarity Potion | 2 | |
| Scroll of Speed | 2 | |
| Circlet of Nobility | 1 | |
| Scroll of Town Portal | 3 | |
| Orb of Lightning | 1 | |
11 total
PATROKLO (
yellow | 73 APM | 2464 actions | 33:54)
4 Archmage
2 Summon Water Elemental
2 Brilliance Aura
2 Mountain King
1 Storm Bolt
1 Bash
» actions
| Assign group hotkey | 57 | |
| Build / train | 81 | |
| Enter build submenu | 28 | |
| Enter hero's abilities submenu | 6 | |
| Give item / drop item | 1 | |
| Right click | 1135 | |
| Select / deselect | 537 | |
| Select group hotkey | 496 | |
| Use ability | 123 | |
2464 total
» units
| Peasant | 14 | |
| Footman | 8 | |
| Makrura Snapper | 1 | |
| Goblin Shredder | 1 | |
| Dragonhawk Rider | 6 | |
| Mortar Team | 11 | |
| Gryphon Rider | 6 | |
| Siege Engine | 2 | |
| Goblin Zeppelin | 1 | |
50 total
» upgrades
| Defend | 1 | |
| Swords | 2 | |
| Armor | 1 | |
| Masonry | 1 | |
| Cloud | 1 | |
| Fragmentation Shards | 1 | |
| Flare | 1 | |
| Storm Hammers | 1 | |
| Gunpowder | 2 | |
| Barrage | 1 | |
| Plating | 1 | |
13 total
» buildings
| Altar of Kings | 1 | |
| Barracks | 1 | |
| Farm | 13 | |
| Town Hall | 2 | |
| Lumber Mill | 1 | |
| Scout Tower | 2 | |
| Arcane Tower | 1 | |
| Keep | 1 | |
| Arcane Vault | 1 | |
| Blacksmith | 1 | |
| Castle | 1 | |
| Gryphon Aviary | 2 | |
| Workshop | 3 | |
30 total
» build order
00:07 Altar of Kings
00:15 Barracks
00:19 Farm
01:02 Farm
02:44 Farm
03:15 Town Hall
03:32 Lumber Mill
03:43 Scout Tower
04:14 Arcane Tower
05:32 Keep
05:49 Farm
05:53 Arcane Vault
07:08 Farm
07:14 Blacksmith
07:57 Castle
08:34 Farm
09:03 Gryphon Aviary
09:07 Gryphon Aviary
09:45 Farm
10:47 Farm
11:24 Workshop
11:30 Workshop
11:36 Farm
13:02 Farm
13:09 Farm
13:43 Farm
14:28 Farm
15:11 Workshop
27:33 Town Hall
30:37 Scout Tower
» items
| Periapt of Vitality | 1 | |
| Scroll of Regeneration | 1 | |
| Dust of Appearance | 1 | |
| Scroll of Town Portal | 2 | |
| Potion of Lesser Invulnerability | 1 | |
| Scroll of Healing | 1 | |
7 total

»
The_KiNG_SeV (
orange | 45 APM | 1774 actions | 39:28)
4 Demon Hunter
2 Immolation
1 Evasion
1 Mana Burn
» actions
| Assign group hotkey | 17 | |
| Build / train | 59 | |
| Enter build submenu | 16 | |
| Enter hero's abilities submenu | 4 | |
| Give item / drop item | 1 | |
| Remove unit from queue | 1 | |
| Right click | 625 | |
| Select / deselect | 251 | |
| Select group hotkey | 759 | |
| Use ability | 39 | |
1774 total
» units
| Wisp | 14 | |
| Huntress | 3 | |
| Chimaera | 16 | |
| Hippogryph | 7 | |
40 total
» upgrades
| Ultravision | 1 | |
| Well Spring | 1 | |
| Strength of the Wild | 3 | |
| Reinforced Hides | 3 | |
| Corrosive Breath | 1 | |
9 total
» buildings
| Altar of Elders | 1 | |
| Moon Well | 9 | |
| Ancient of War | 1 | |
| Hunter's Hall | 1 | |
| Tree of Ages | 1 | |
| Ancient Protector | 1 | |
| Tree of Eternity | 1 | |
| Ancient of Wind | 1 | |
| Chimaera Roost | 2 | |
| Tree of Life | 1 | |
19 total
» build order
00:21 Altar of Elders
00:37 Moon Well
00:50 Ancient of War
01:44 Moon Well
02:12 Hunter's Hall
02:47 Moon Well
03:16 Tree of Ages
03:59 Moon Well
04:32 Ancient Protector
05:01 Moon Well
05:37 Tree of Eternity
05:42 Ancient of Wind
05:58 Moon Well
07:25 Moon Well
08:07 Chimaera Roost
08:16 Chimaera Roost
08:38 Moon Well
08:39 Moon Well
22:06 Tree of Life
» items
| Scroll of Speed | 1 | |
| Scroll of Protection | 1 | |
2 total
team 2 (winner)
AlasPoorYorick (
purple | 127 APM | 5028 actions | 39:29)
8 Warden
3 Shadow Strike
3 Blink
1 Spirit of Vengeance
1 Fan of Knives
3 Goblin Tinker
2 Pocket Factory
1 Engineering Upgrade
» actions
| Assign group hotkey | 6 | |
| Basic commands | 455 | |
| Build / train | 64 | |
| ESC pressed | 2 | |
| Enter build submenu | 29 | |
| Enter hero's abilities submenu | 11 | |
| Give item / drop item | 1 | |
| Right click | 2876 | |
| Select / deselect | 274 | |
| Select group hotkey | 1122 | |
| Use ability | 186 | |
5028 total
» units
» upgrades
| Nature's Blessing | 1 | |
| Ultravision | 1 | |
| Well Spring | 1 | |
3 total
» buildings
| Altar of Elders | 1 | |
| Moon Well | 24 | |
| Tree of Life | 2 | |
| Tree of Ages | 2 | |
| Hunter's Hall | 1 | |
| Tree of Eternity | 1 | |
| Ancient of Wonders | 1 | |
32 total
» build order
00:05 Altar of Elders
00:19 Moon Well
01:21 Moon Well
04:18 Moon Well
05:51 Tree of Life
07:11 Moon Well
07:22 Tree of Ages
08:29 Moon Well
08:34 Moon Well
09:19 Hunter's Hall
10:56 Tree of Eternity
12:53 Ancient of Wonders
13:23 Moon Well
13:24 Moon Well
14:33 Moon Well
14:41 Moon Well
14:42 Moon Well
15:17 Moon Well
15:52 Moon Well
16:41 Moon Well
16:43 Moon Well
17:56 Moon Well
17:57 Moon Well
19:05 Moon Well
19:07 Moon Well
19:07 Moon Well
19:56 Moon Well
22:27 Moon Well
22:28 Moon Well
24:43 Tree of Life
29:55 Moon Well
» items
| Boots of Speed | 2 | |
| Staff of Teleportation | 2 | |
| Lesser Clarity Potion | 1 | |
| Healing Salve | 1 | |
| Orb of Venom | 1 | |
| Orb of Fire | 1 | |
| Staff of Sanctuary | 1 | |
9 total
backintheUSSR (
green | 137 APM | 5391 actions | 39:29)
6 Archmage
3 Blizzard
3 Brilliance Aura
5 Mountain King
3 Storm Bolt
2 Bash
5 Paladin
3 Holy Light
1 Divine Shield
1 Devotion Aura
» actions
| Assign group hotkey | 9 | |
| Basic commands | 97 | |
| Build / train | 135 | |
| ESC pressed | 3 | |
| Enter build submenu | 102 | |
| Enter hero's abilities submenu | 16 | |
| Give item / drop item | 8 | |
| Right click | 2443 | |
| Select / deselect | 408 | |
| Select group hotkey | 1748 | |
| Use ability | 422 | |
5391 total
» units
| Peasant | 18 | |
| Goblin Zeppelin | 1 | |
19 total
» upgrades
| Masonry | 3 | |
| Lumber Harvesting | 2 | |
| Magic Sentry | 1 | |
| Animal War Training | 1 | |
| Armor | 2 | |
| Swords | 1 | |
10 total
» buildings
| Altar of Kings | 3 | |
| Farm | 4 | |
| Lumber Mill | 2 | |
| Scout Tower | 194 | |
| Arcane Tower | 5 | |
| Guard Tower | 57 | |
| Keep | 1 | |
| Town Hall | 2 | |
| Arcane Sanctum | 1 | |
| Castle | 2 | |
| Arcane Vault | 3 | |
| Barracks | 1 | |
| Blacksmith | 1 | |
| Gryphon Aviary | 1 | |
277 total
» build order
00:16 Altar of Kings
00:19 Farm
00:39 Lumber Mill
00:57 Scout Tower
01:00 Scout Tower
01:30 Arcane Tower
01:42 Farm
01:47 Guard Tower
01:50 Scout Tower
01:58 Scout Tower
02:17 Guard Tower
02:34 Guard Tower
02:35 Guard Tower
02:35 Guard Tower
02:35 Guard Tower
02:45 Scout Tower
02:45 Scout Tower
02:59 Scout Tower
03:13 Guard Tower
03:15 Scout Tower
03:31 Guard Tower
03:32 Scout Tower
03:37 Keep
03:44 Guard Tower
03:44 Scout Tower
03:46 Scout Tower
03:56 Farm
03:59 Scout Tower
04:00 Scout Tower
04:07 Guard Tower
04:19 Scout Tower
04:20 Scout Tower
04:21 Guard Tower
04:26 Guard Tower
04:26 Guard Tower
04:38 Guard Tower
04:39 Scout Tower
04:40 Scout Tower
05:11 Arcane Tower
05:20 Town Hall
05:27 Guard Tower
05:35 Scout Tower
05:36 Scout Tower
05:38 Scout Tower
05:39 Arcane Tower
05:59 Arcane Sanctum
06:08 Guard Tower
06:14 Guard Tower
06:26 Scout Tower
06:28 Scout Tower
06:28 Scout Tower
06:29 Scout Tower
06:31 Guard Tower
06:33 Scout Tower
06:34 Scout Tower
07:12 Guard Tower
07:19 Castle
07:19 Castle
07:34 Guard Tower
07:37 Scout Tower
07:37 Scout Tower
07:38 Scout Tower
07:42 Scout Tower
07:44 Scout Tower
08:43 Arcane Vault
08:44 Arcane Vault
08:56 Guard Tower
08:58 Scout Tower
08:58 Scout Tower
08:59 Scout Tower
09:00 Scout Tower
09:06 Scout Tower
09:07 Scout Tower
09:09 Guard Tower
09:56 Guard Tower
09:57 Scout Tower
09:58 Scout Tower
09:58 Scout Tower
09:58 Scout Tower
09:59 Scout Tower
10:00 Scout Tower
11:36 Guard Tower
11:37 Lumber Mill
11:41 Scout Tower
11:42 Scout Tower
11:42 Scout Tower
11:43 Scout Tower
13:24 Scout Tower
13:24 Scout Tower
13:26 Scout Tower
13:26 Scout Tower
13:27 Scout Tower
13:29 Scout Tower
13:30 Scout Tower
13:31 Scout Tower
13:31 Scout Tower
13:32 Scout Tower
13:33 Guard Tower
13:34 Scout Tower
13:35 Scout Tower
13:36 Scout Tower
13:37 Scout Tower
13:37 Scout Tower
13:37 Scout Tower
13:38 Scout Tower
13:38 Scout Tower
14:24 Farm
15:03 Guard Tower
15:09 Scout Tower
15:09 Scout Tower
15:12 Scout Tower
15:12 Scout Tower
15:13 Scout Tower
15:14 Scout Tower
16:19 Guard Tower
16:20 Scout Tower
16:21 Scout Tower
16:22 Scout Tower
16:22 Scout Tower
16:23 Scout Tower
16:23 Scout Tower
16:24 Scout Tower
17:38 Guard Tower
17:51 Guard Tower
17:52 Barracks
17:54 Blacksmith
18:22 Scout Tower
18:23 Scout Tower
18:23 Scout Tower
18:24 Scout Tower
18:25 Scout Tower
19:03 Scout Tower
19:03 Scout Tower
19:04 Scout Tower
19:05 Scout Tower
19:06 Scout Tower
19:06 Scout Tower
19:07 Scout Tower
19:08 Scout Tower
19:09 Scout Tower
19:10 Scout Tower
19:10 Scout Tower
19:10 Scout Tower
19:12 Scout Tower
19:12 Scout Tower
21:14 Guard Tower
21:15 Scout Tower
21:16 Scout Tower
21:24 Guard Tower
21:24 Guard Tower
22:14 Guard Tower
22:19 Altar of Kings
22:19 Altar of Kings
22:20 Guard Tower
22:21 Guard Tower
22:26 Scout Tower
22:26 Scout Tower
22:27 Scout Tower
22:28 Scout Tower
22:29 Scout Tower
22:30 Scout Tower
22:31 Scout Tower
22:32 Scout Tower
22:32 Scout Tower
22:33 Scout Tower
22:35 Scout Tower
22:36 Scout Tower
22:36 Scout Tower
22:37 Scout Tower
22:37 Scout Tower
22:37 Scout Tower
22:38 Scout Tower
22:43 Guard Tower
22:45 Scout Tower
23:27 Scout Tower
23:27 Scout Tower
23:28 Scout Tower
23:29 Scout Tower
23:29 Scout Tower
23:30 Scout Tower
23:30 Scout Tower
23:31 Scout Tower
23:31 Scout Tower
23:31 Scout Tower
23:33 Guard Tower
24:43 Guard Tower
26:41 Guard Tower
26:48 Scout Tower
26:49 Scout Tower
26:49 Scout Tower
26:50 Scout Tower
26:52 Scout Tower
26:53 Scout Tower
26:55 Scout Tower
26:56 Scout Tower
26:58 Scout Tower
26:59 Scout Tower
27:00 Scout Tower
27:41 Gryphon Aviary
27:43 Guard Tower
28:51 Scout Tower
28:52 Scout Tower
28:52 Scout Tower
28:53 Scout Tower
28:54 Scout Tower
28:55 Scout Tower
28:56 Scout Tower
28:56 Scout Tower
28:57 Scout Tower
28:58 Scout Tower
28:59 Scout Tower
28:59 Scout Tower
29:10 Town Hall
29:35 Scout Tower
29:36 Scout Tower
29:36 Scout Tower
29:37 Scout Tower
29:37 Scout Tower
29:38 Scout Tower
29:39 Scout Tower
29:40 Scout Tower
29:40 Scout Tower
29:43 Scout Tower
29:44 Scout Tower
29:45 Scout Tower
29:46 Scout Tower
29:46 Scout Tower
29:47 Scout Tower
29:49 Scout Tower
29:50 Scout Tower
30:05 Guard Tower
30:10 Guard Tower
30:11 Guard Tower
30:35 Guard Tower
30:36 Guard Tower
30:37 Guard Tower
30:37 Guard Tower
30:47 Arcane Tower
30:53 Arcane Tower
31:15 Guard Tower
31:20 Guard Tower
31:22 Guard Tower
31:24 Scout Tower
31:25 Scout Tower
31:26 Scout Tower
31:27 Scout Tower
31:29 Guard Tower
31:29 Guard Tower
31:42 Scout Tower
31:42 Scout Tower
31:43 Scout Tower
31:44 Scout Tower
31:45 Scout Tower
31:45 Scout Tower
31:46 Scout Tower
31:46 Scout Tower
31:53 Guard Tower
32:36 Scout Tower
32:36 Scout Tower
32:37 Scout Tower
32:38 Scout Tower
32:39 Scout Tower
32:44 Scout Tower
32:44 Scout Tower
32:48 Scout Tower
32:48 Scout Tower
32:49 Scout Tower
32:54 Arcane Vault
32:56 Guard Tower
34:34 Guard Tower
34:35 Guard Tower
34:36 Guard Tower
» items
| Staff of Teleportation | 3 | |
| Boots of Speed | 3 | |
| Healing Salve | 2 | |
| Lesser Clarity Potion | 2 | |
| Potion of Invisibility | 1 | |
| Dust of Appearance | 2 | |
| Orb of Lightning | 6 | |
| Staff of Sanctuary | 3 | |
22 total
Birdeneering (
red | 134 APM | 5275 actions | 39:29)
6 Mountain King
3 Storm Bolt
2 Bash
1 Avatar
5 Paladin
3 Holy Light
2 Divine Shield
4 Pandaren Brewmaster
2 Breath of Fire
1 Drunken Haze
1 Drunken Brawler
» actions
| Assign group hotkey | 463 | |
| Basic commands | 49 | |
| Build / train | 149 | |
| Enter build submenu | 114 | |
| Enter hero's abilities submenu | 15 | |
| Give item / drop item | 8 | |
| Right click | 2519 | |
| Select / deselect | 485 | |
| Select group hotkey | 1083 | |
| Use ability | 390 | |
5275 total
» units
» upgrades
» buildings
| Altar of Kings | 1 | |
| Farm | 5 | |
| Lumber Mill | 1 | |
| Scout Tower | 118 | |
| Arcane Tower | 17 | |
| Guard Tower | 50 | |
| Arcane Vault | 4 | |
| Keep | 1 | |
| Town Hall | 2 | |
| Arcane Sanctum | 1 | |
| Castle | 1 | |
201 total
» build order
00:03 Altar of Kings
00:18 Farm
00:45 Lumber Mill
01:07 Farm
02:30 Scout Tower
02:31 Scout Tower
02:35 Scout Tower
02:36 Scout Tower
02:59 Farm
02:59 Farm
03:06 Arcane Tower
03:10 Arcane Tower
03:10 Arcane Tower
03:13 Scout Tower
03:29 Guard Tower
03:32 Scout Tower
03:34 Scout Tower
03:36 Guard Tower
03:36 Guard Tower
03:36 Guard Tower
04:07 Guard Tower
04:16 Scout Tower
04:17 Scout Tower
04:22 Guard Tower
04:30 Arcane Vault
04:32 Arcane Vault
04:57 Keep
05:01 Guard Tower
05:03 Scout Tower
05:09 Guard Tower
05:09 Guard Tower
05:47 Town Hall
05:55 Scout Tower
05:56 Scout Tower
06:02 Guard Tower
06:04 Scout Tower
06:05 Scout Tower
06:12 Scout Tower
06:21 Scout Tower
06:49 Arcane Tower
06:58 Arcane Tower
06:59 Guard Tower
07:04 Guard Tower
07:06 Arcane Tower
07:07 Arcane Tower
07:07 Arcane Tower
07:42 Scout Tower
07:44 Scout Tower
08:24 Guard Tower
08:25 Scout Tower
08:26 Scout Tower
08:30 Arcane Sanctum
08:48 Guard Tower
08:49 Scout Tower
09:19 Guard Tower
09:25 Scout Tower
09:26 Scout Tower
09:28 Castle
09:31 Scout Tower
09:33 Guard Tower
09:38 Scout Tower
09:38 Scout Tower
10:04 Guard Tower
10:07 Scout Tower
10:08 Scout Tower
10:11 Scout Tower
10:12 Scout Tower
11:26 Guard Tower
11:28 Arcane Tower
11:29 Scout Tower
11:30 Scout Tower
11:34 Farm
12:07 Guard Tower
12:13 Scout Tower
12:15 Scout Tower
13:00 Guard Tower
13:07 Guard Tower
13:09 Scout Tower
13:10 Scout Tower
14:05 Guard Tower
15:25 Scout Tower
15:28 Scout Tower
15:29 Scout Tower
17:20 Guard Tower
17:21 Scout Tower
17:22 Scout Tower
18:05 Guard Tower
18:44 Scout Tower
18:45 Scout Tower
18:56 Scout Tower
18:58 Scout Tower
19:19 Guard Tower
19:39 Guard Tower
19:40 Guard Tower
19:42 Scout Tower
19:46 Scout Tower
19:54 Guard Tower
20:01 Scout Tower
20:52 Guard Tower
21:25 Scout Tower
21:28 Scout Tower
22:22 Scout Tower
22:24 Scout Tower
22:24 Scout Tower
23:01 Guard Tower
23:02 Scout Tower
23:32 Guard Tower
23:35 Scout Tower
23:36 Scout Tower
23:37 Scout Tower
23:38 Scout Tower
23:47 Scout Tower
23:48 Scout Tower
23:49 Guard Tower
23:52 Scout Tower
23:53 Scout Tower
24:26 Guard Tower
24:28 Scout Tower
24:29 Scout Tower
24:30 Guard Tower
24:30 Guard Tower
24:37 Scout Tower
24:37 Scout Tower
24:41 Arcane Vault
24:45 Guard Tower
25:39 Guard Tower
25:41 Scout Tower
25:42 Scout Tower
25:43 Scout Tower
25:48 Scout Tower
25:49 Scout Tower
26:31 Guard Tower
26:36 Scout Tower
26:36 Scout Tower
26:37 Scout Tower
26:38 Scout Tower
26:39 Scout Tower
26:39 Scout Tower
27:36 Guard Tower
27:40 Scout Tower
27:41 Scout Tower
27:41 Scout Tower
27:42 Scout Tower
28:57 Arcane Tower
29:28 Guard Tower
29:30 Arcane Tower
29:31 Scout Tower
29:32 Scout Tower
29:34 Scout Tower
29:34 Scout Tower
29:35 Scout Tower
29:35 Scout Tower
29:44 Guard Tower
30:08 Scout Tower
30:09 Scout Tower
30:09 Guard Tower
30:15 Arcane Tower
30:52 Arcane Tower
31:28 Guard Tower
31:32 Scout Tower
31:33 Scout Tower
31:34 Scout Tower
32:13 Arcane Tower
34:03 Town Hall
34:12 Scout Tower
34:13 Scout Tower
34:13 Scout Tower
34:14 Scout Tower
34:14 Scout Tower
34:15 Scout Tower
34:17 Scout Tower
34:18 Scout Tower
34:19 Scout Tower
34:19 Scout Tower
34:21 Scout Tower
34:22 Scout Tower
34:23 Scout Tower
34:25 Scout Tower
34:26 Scout Tower
34:27 Scout Tower
34:27 Scout Tower
34:49 Arcane Tower
34:53 Guard Tower
36:48 Guard Tower
36:50 Arcane Vault
36:54 Scout Tower
36:55 Scout Tower
37:03 Scout Tower
37:04 Scout Tower
37:04 Scout Tower
37:05 Scout Tower
37:06 Guard Tower
37:52 Guard Tower
37:54 Scout Tower
37:58 Scout Tower
37:59 Scout Tower
38:04 Guard Tower
38:04 Guard Tower
38:05 Guard Tower
» items
| Healing Salve | 3 | |
| Lesser Clarity Potion | 2 | |
| Boots of Speed | 2 | |
| Staff of Teleportation | 3 | |
| Orb of Lightning | 3 | |
| Staff of Sanctuary | 3 | |
| Scroll of Town Portal | 5 | |
| Potion of Mana | 5 | |
| Potion of Healing | 1 | |
27 total
iNT]DOGANDHORSE (
blue | 122 APM | 4818 actions | 39:29)
8 Blademaster
3 Wind Walk
3 Critical Strike
1 Bladestorm
1 Mirror Image
» actions
| Assign group hotkey | 22 | |
| Basic commands | 12 | |
| Build / train | 116 | |
| Enter build submenu | 32 | |
| Enter hero's abilities submenu | 9 | |
| Give item / drop item | 3 | |
| Remove unit from queue | 21 | |
| Right click | 3343 | |
| Select / deselect | 395 | |
| Select group hotkey | 544 | |
| Use ability | 318 | |
4818 total
» units
» upgrades
| Ranged Weapons | 3 | |
| Liquid Fire | 1 | |
| Armor | 4 | |
| Reinforced Defenses | 1 | |
9 total
» buildings
| Orc Burrow | 12 | |
| Altar of Storms | 1 | |
| Voodoo Lounge | 5 | |
| War Mill | 1 | |
| Stronghold | 4 | |
| Beastiary | 3 | |
| Fortress | 1 | |
| Great Hall | 1 | |
| Watch Tower | 6 | |
34 total
» build order
00:18 Orc Burrow
00:44 Altar of Storms
01:52 Voodoo Lounge
02:12 Voodoo Lounge
02:17 War Mill
02:42 Voodoo Lounge
02:48 Stronghold
02:52 Orc Burrow
03:15 Voodoo Lounge
03:53 Orc Burrow
03:56 Orc Burrow
04:00 Voodoo Lounge
04:22 Orc Burrow
05:19 Beastiary
05:29 Beastiary
05:37 Beastiary
06:11 Fortress
07:43 Orc Burrow
08:34 Great Hall
11:33 Orc Burrow
15:01 Watch Tower
15:01 Watch Tower
15:02 Watch Tower
15:03 Watch Tower
15:03 Watch Tower
15:04 Watch Tower
38:15 Stronghold
38:15 Stronghold
38:16 Stronghold
39:06 Orc Burrow
39:07 Orc Burrow
39:08 Orc Burrow
39:08 Orc Burrow
» items
| Staff of Teleportation | 1 | |
| Boots of Speed | 1 | |
| Healing Salve | 7 | |
| Lesser Clarity Potion | 9 | |
| Orb of Lightning | 1 | |
| Potion of Healing | 1 | |
| Potion of Lesser Invulnerability | 3 | |
23 total
Chat log
(00:26 / All) iNT]DOGANDHORSE: time for christmas
(30:02 / All) Birdeneering: hey everyone
(32:36 / All) iNT]DOGANDHORSE: LOL
(33:59 / All) AlasPoorYorick: noobs
(34:01 / All) iNT]DOGANDHORSE: lmao
(34:09 / All) Birdeneering: russia suckie
(36:20 / All) iNT]DOGANDHORSE: lmao
(36:21 / All) iNT]DOGANDHORSE: bye
(39:17 / All) gangiskan: ENFERMOSS
(39:19 / All) iNT]DOGANDHORSE: ???
(39:21 / All) iNT]DOGANDHORSE: english please